 Dungeon Crawl Stone Soup version 0.18-a0-1041-gbe91bf5 (webtiles) character file.

38451 tof the Protected (level 13, -3/110 HPs)
             Began as a Demonspawn Abyssal Knight on Jan 10, 2016.
             Was a High Priest of Lugonu.
             Slain by a red devil
             ... wielding a +1 vampiric demon trident
             ... summoned by Frances
              (11 damage)
             ... on level 14 of the Dungeon.
             The game lasted 02:10:29 (26696 turns).

tof the Protected (Demonspawn Abyssal Knight)      Turns: 26696, Time: 02:10:29

Health: -3/110     AC: 22    Str: 23 (25) XL:     13   Next: 63%
Magic:  6/18       EV: 10    Int: 11      God:    Lugonu [*****.]
Gold:   1388       SH: 12    Dex: 16      Spells: 1 memorised, 11 levels left

rFire  + . .     SeeInvis +     a - +9 hand axe (flame)
rCold  . . .     Gourm    .     q - +1 plate armour {rF+}
rNeg   . . .     Faith    .     x - +0 shield
rPois  .         Spirit   .     (helmet unavailable)
rElec  .         Dismiss  .     I - +1 cloak
rCorr  .         Reflect  .     z - +0 pair of gloves
SustAt .         Harm     .     (no boots)
MR     +....                    (no amulet)
Stlth  ..........               n - +3 ring of protection
                                k - +6 ring of strength

@: somewhat resistant to hostile enchantments, extremely unstealthy
A: antennae 3, demonic guardian 2, deterioration 1, dopey 1, magic resistance 1,
powered by pain 1, robust 1, strong 2, subdued magic 2, sturdy frame 3
a: Depart the Abyss, Bend Space, Banish, Corrupt, Enter the Abyss, Renounce
Religion


You were on level 14 of the Dungeon.
You worshipped Lugonu.
Lugonu was extremely pleased with you.
You were hungry.

You visited 2 branches of the dungeon, and saw 19 of its levels.
You visited the Abyss 1 time.
You also visited: Bailey.

You collected 1388 gold pieces.

Inventory:

Hand Weapons
 a - a +9 hand axe of flaming (weapon)
 b - a +0 blowgun
 B - a +0 battleaxe
 Y - a +1 flail
Missiles
 c - 26 tomahawks of returning (quivered)
 H - 4 needles of paralysis
 O - 8 curare-tipped needles
 U - 3 needles of confusion
Armour
 q - a +1 plate armour of fire resistance (worn)
 x - a +0 shield (worn)
 z - a +0 pair of gloves (worn)
 I - a +1 cloak (worn)
Jewellery
 k - a +6 ring of strength (left hand)
 n - a +3 ring of protection (right hand)
 s - a +2 ring of protection
 W - an uncursed ring of resist corrosion
Wands
 C - a wand of slowing (14/48)
 D - a wand of heal wounds (4/9)
 F - a wand of cold (8/15)
 J - a wand of frost (19/48)
 M - a wand of slowing (26/48)
 X - a wand of confusion (34/48)
Scrolls
 d - 3 scrolls of remove curse
 g - 14 scrolls of identify
 j - 7 scrolls of teleportation
 o - 5 scrolls of blinking
 y - a scroll of acquirement {unknown}
 A - 3 scrolls of enchant weapon
 E - a scroll of summoning {unknown}
 K - 3 scrolls of enchant armour {unknown}
 L - a scroll of brand weapon {unknown}
 P - 5 scrolls of recharging
 V - a scroll of holy word {unknown}
 Z - 3 scrolls of amnesia {unknown}
Potions
 e - 3 potions of agility
 h - 4 potions of curing
 i - a potion of might {unknown}
 t - 2 potions of lignification {unknown}
 u - 7 potions of heal wounds
 w - 2 potions of brilliance {unknown}
 G - 4 potions of haste
 R - a potion of cure mutation {unknown}
 S - 2 potions of flight {unknown}
Books
 l - a book of Summonings

   Spells                             Type                      Level
   a - Recall                         Summoning/Translocation      3
   b - Aura of Abjuration             Summoning                    5
   c - Summon Demon                   Summoning                    5
   d - Summon Forest                  Summoning/Translocation      5
   e - Summon Mana Viper              Hexes/Summoning              5
   f - Shadow Creatures               Summoning                    6
 r - a book of Callings

   Spells                             Type                      Level
   a - Summon Small Mammal            Summoning                    1
   b - Call Imp                       Summoning                    2
   c - Call Canine Familiar           Summoning                    3
   d - Summon Guardian Golem          Hexes/Summoning              3
   e - Summon Lightning Spire         Summoning/Air                4
   f - Summon Ice Beast               Ice/Summoning                4
Miscellaneous
 T - a plain deck of changes
Comestibles
 f - 11 meat rations
 v - 16 fruits
 N - 4 bread rations


   Skills:
 + Level 8.9 Fighting
 + Level 9.7(9.9) Axes
 + Level 2.8(6.8) Maces & Flails
 + Level 10.2 Throwing
 + Level 10.8 Armour
 + Level 3.9 Dodging
 + Level 2.6 Stealth
 + Level 8.0 Shields
 + Level 7.6 Invocations
 + Level 0.2 Evocations


You had 11 spell levels left.
You knew the following spells:

 Your Spells              Type           Power        Failure   Level  Hunger
a - Summon Small Mammal   Summ           #...         98%         1    ##.....


Dungeon Overview and Level Annotations

Branches:
Dungeon (14/15)            Temple (0/1) D:4            Lair (5/8) D:9
 Shoals (0/4) Lair:3          Orc (0/2) D:11         Vaults (0/5) D:14
  Snake: Lair:3-6    Spider: Lair:3-6

Altars:
Ashenzari
Cheibriados
Fedhas
Kikubaaqudgha
Nemelex Xobeh
Okawaru
Ru
Sif Muna
Vehumet
Xom
Yredelemnul
Zin

Shops:
D:4 (   D:6 (

Annotations:
D:12 corrupted
D:13 corrupted
D:14 Frances
Lair:1 corrupted
Lair:5 Kirke
Abyss:1 Duvessa


Innate Abilities, Weirdness & Mutations

You have a pair of large antennae on your head (SInv).
A demonic guardian rushes to your aid.
You sometimes gain a little power by taking damage.
Your movements are significantly less encumbered by armour (ER -6).
Your body sometimes deteriorates upon taking damage.
You are dopey. (Int -2)
You are resistant to hostile enchantments.
You are robust (+10% HP).
Your muscles are very strong. (Str +4)
Your spells are easier to cast, but less powerful.


Message History

Your soul eater hits the red devil but does no damage.
The soul eater draws from the surrounding life force!
* * * LOW HITPOINT WARNING * * *
You block Frances's attack. You block the red devil's attack.
The smoke demon gestures at you. Something smites you!
* * * LOW HITPOINT WARNING * * *
Your body deteriorates!
You feel weakened.
Your ice devil barely misses the red devil.
Press: ? - help, Shift-Dir - straight line, f/p - Frances
Aim: Frances, wielding a dire flail of protection and wearing a leather armour (fast, chance to defeat MR: 18%) Frances resists with almost no effort.
You are feeling hungry.
Frances hits you with a dire flail of protection.
* * * LOW HITPOINT WARNING * * *
Your soul eater hits the red devil.
The soul eater draws from the surrounding life force!
* * * LOW HITPOINT WARNING * * *
The red devil hits you from afar with a vampiric demon trident!
You die...

#.# #.........# #####.#
#.........# ......#
#.........# .######
#.........# .#
#.........# .#
#.....3...# .#
#....34.3.#
.########......4@.#
.##.............@.#
.##.#.###..#####..#
..................######.
....##.......##..........
...####.....####.........
..## ##...## ##..#####
..## ###'### ##..#
...####.....####...#
....##.#...#.##....#


You could see Frances, a soul eater, a smoke demon, a red devil, a friendly soul
eater and a friendly ice devil.

Vanquished Creatures
  Nessos (D:14)
  2 vault guards (D:14)
  2 hydras
  A death knight (D:14)
  A slime creature (D:12)
  3 unseen horrors
  Pikel (D:6)
  2 cyclopes (D:14)
  2 ugly things
  A griffon (D:14)
  A deep elf mage (D:14)
  A centaur zombie (D:12)
  4 elephants (Lair:1)
  A black mamba (Lair:1)
  A gargoyle (D:14)
  5 spiny frogs
  4 komodo dragons
  A fire drake (Lair:2)
  2 trolls
  2 wyverns
  12 yaks
  A wraith (D:10)
  2 vampires
  3 hogs (Lair:5)
  4 hippogriffs
  7 vampire mosquitoes
  4 hungry ghosts
  2 basilisks
  4 wolves (Lair:1)
  6 water moccasins
  2 mottled dragons
  2 soldier ants
  7 porcupines
  7 orc warriors
  4 ice beasts
  A slave (D:6)
  An eye of draining (D:11)
  2 phantoms
  A necrophage (D:5)
  6 sky beasts
  3 black bears
  A boggart (D:14)
  5 crocodiles
  12 ogres
  9 centaurs
  Blork the orc (D:6)
  14 giant frogs
  A wyvern zombie (D:8)
  5 scorpions
  7 killer bees
  10 wights
  2 spriggan skeletons (D:9)
  9 crimson imps
  A wasp zombie (D:8)
  2 giant frog skeletons
  4 hounds
  A giant frog zombie (D:5)
  4 orc priests
  5 gnoll shamans (D:12)
  4 jellies
  10 orc wizards
  7 centaur skeletons
  8 iguanas
  11 worker ants
  12 sheep
  A hound skeleton (D:11)
  7 adders
  14 gnolls
  27 river rats
  3 shadow imps
  3 adder skeletons
  5 worms
  9 giant geckos
  33 orcs
  2 ball pythons
  3 bats
  6 giant cockroaches
  14 goblins
  5 hobgoblins
  9 jackals
  20 kobolds
  2 quokkas
  5 giant newts
  9 rats
  2 plants
443 creatures vanquished.

Vanquished Creatures (collateral kills)
  A vault guard (D:14)
  A fire dragon (Lair:1)
  Fannar (Lair:1)
  2 centaur warriors
  Erica (D:8)
  Sonja (D:10)
  7 hill giants
  An orc knight (Bailey)
  A deep elf mage (D:14)
  A manticore (D:14)
  An efreet (D:13)
  A troll (D:13)
  A slime creature (D:12)
  A wyvern (D:14)
  9 yaks
  2 vampire mosquitoes (D:13)
  A wolf (Lair:1)
  An ice beast (D:6)
  2 centaurs (D:12)
  4 ogres
  A giant frog (D:13)
  A wight (D:14)
  2 centaur skeletons
  A worker ant (D:13)
  5 gnolls
  2 orcs
  7 goblins
  A hobgoblin (Bailey)
  3 jackals
  A kobold (Bailey)
64 creatures vanquished.

Vanquished Creatures (others)
  A tengu warrior (D:12)
  A deep elf mage (D:13)
  A spiny frog (Lair:1)
  A tengu conjurer (D:12)
  The ghost of PinkishYellow the Chiller, an amateur DrIE (D:3)
  Sigmund (D:6)
  A yak (Lair:2)
  A shadow (D:13)
  2 hippogriffs
  Menkaure (D:6)
  A water moccasin (Lair:2)
  2 porcupines
  A sky beast (D:13)
  2 slaves (D:6)
  An eye of draining (D:12)
  A giant frog (Lair:2)
  Dowan (D:6)
  An iguana (Lair:1)
  A worker ant (D:6)
  A quokka (D:12)
  6 fungi
  9 plants (D:12)
  18 starspawn tentacles
  107 starspawn tentacle segments
163 creatures vanquished.

Grand Total: 670 creatures vanquished

Notes
Turn   | Place    | Note
--------------------------------------------------------------
     0 | Abyss:1  | tof the Demonspawn Abyssal Knight began the quest for the Orb.
     0 | Abyss:1  | Reached XP level 1. HP: 18/18 MP: 2/2
     8 | D:1      | Escaped the Abyss
   229 | D:1      | Reached skill level 1 in Dodging
   552 | D:1      | Gained mutation: You have a pair of small antennae on your head. [demonic ancestry]
   552 | D:1      | Reached XP level 2. HP: 20/24 MP: 3/3
  1156 | D:2      | Gained mutation: A weak demonic guardian rushes to your aid. [demonic ancestry]
  1156 | D:2      | Reached XP level 3. HP: 14/29 MP: 4/4
  1633 | D:2      | Found a radiant altar of Vehumet.
  1935 | D:2      | Found a shattered altar of Ashenzari.
  1967 | D:2      | Reached ** piety under Lugonu
  2049 | D:3      | Noticed PinkishYellow's ghost (amateur DrIE)
  2092 | D:2      | Gained mutation: You sometimes gain a little power by taking damage. [demonic ancestry]
  2092 | D:2      | Reached XP level 4. HP: 16/36 MP: 5/5
  2337 | D:3      | Found a shimmering altar of Xom.
  2396 | D:3      | Found an iron altar of Okawaru.
  2499 | D:4      | Reached skill level 1 in Stealth
  2499 | D:4      | Reached XP level 5. HP: 27/41 MP: 6/6
  2504 | D:4      | Found a blossoming altar of Fedhas.
  2512 | D:4      | Noticed an ogre
  2523 | D:4      | Killed an ogre
  2523 | D:4      | Reached skill level 1 in Axes
  2993 | D:4      | Gained mutation: Your movements are slightly less encumbered by armour (ER -2). [demonic ancestry]
  2993 | D:4      | Reached XP level 6. HP: 38/48 MP: 6/8
  3132 | D:4      | Reached skill level 4 in Fighting
  3151 | D:4      | Found Naroomn's Antique Weapon Shop.
  3169 | D:4      | Found an ancient bone altar of Kikubaaqudgha.
  3169 | D:4      | Found a deep blue altar of Sif Muna.
  3553 | D:4      | Found a staircase to the Ecumenical Temple.
  3600 | D:4      | Reached *** piety under Lugonu
  4084 | D:5      | Entered Level 5 of the Dungeon
  4409 | D:5      | Gained mutation: Your movements are less encumbered by armour (ER -4). [demonic ancestry]
  4409 | D:5      | Reached XP level 7. HP: 52/54 MP: 9/9
  4913 | D:5      | Reached skill level 5 in Armour
  5748 | D:6      | Found a snail-covered altar of Cheibriados.
  5783 | D:6      | Found Potutah's Weapon Boutique.
  5810 | D:6      | Reached XP level 8. HP: 59/59 MP: 10/10
  5850 | D:6      | Noticed Pikel
  5911 | D:6      | Killed Pikel
  5911 | D:6      | Reached skill level 5 in Fighting
  5911 | D:6      | Reached skill level 6 in Armour
  5982 | D:6      | Killed Menkaure
  6035 | D:6      | Killed Sigmund
  6039 | D:6      | Reached **** piety under Lugonu
  6039 | D:6      | Reached skill level 1 in Shields
  6118 | D:6      | Noticed Blork the orc
  6125 | D:6      | Killed Blork the orc
  6211 | D:6      | Killed Dowan
  6515 | D:6      | Noticed Duvessa
  6517 | D:6      | Banished Duvessa
  6873 | D:7      | Found a basalt altar of Yredelemnul.
  7896 | D:3      | Found a sparkling altar of Nemelex Xobeh.
  8062 | D:3      | Banished PinkishYellow's ghost
  8062 | D:3      | Reached skill level 7 in Armour
  8438 | D:7      | Gained mutation: A demonic guardian rushes to your aid. [demonic ancestry]
  8438 | D:7      | Reached XP level 9. HP: 49/68 MP: 11/11
  8615 | D:7      | Reached skill level 5 in Axes
  8816 | D:7      | HP: 3/68 [ogre/giant spiked club (22)]
  9213 | D:7      | Found a glowing silver altar of Zin.
  9218 | D:7      | Found a sacrificial altar of Ru.
  9419 | D:7      | Reached skill level 5 in Invocations
  9792 | D:8      | Found a flagged portal.
  9830 | Bailey   | Entered a bailey
 10183 | Bailey   | Noticed an orc knight
 10234 | Bailey   | Killed an orc knight
 10234 | Bailey   | Reached skill level 1 in Throwing
 10732 | D:8      | Gained mutation: You have a pair of antennae on your head. [mutagenic meat]
 11218 | D:8      | Gained mutation: Your movements are significantly less encumbered by armour (ER -6). [demonic ancestry]
 11218 | D:8      | Reached XP level 10. HP: 76/76 MP: 13/13
 11552 | D:8      | Noticed Erica
 11560 | D:8      | Killed Erica
 11864 | D:9      | Reached skill level 5 in Throwing
 12581 | D:9      | Reached skill level 8 in Armour
 12765 | D:9      | Killed an unseen horror
 13039 | D:9      | Found a staircase to the Lair.
 13332 | D:9      | Reached ***** piety under Lugonu
 13604 | D:10     | Entered Level 10 of the Dungeon
 13662 | D:10     | Noticed a hill giant
 13668 | D:10     | Killed a hill giant
 14013 | D:10     | Killed an unseen horror
 14644 | D:10     | Noticed Sonja
 14656 | D:10     | Killed Sonja
 14656 | D:10     | Reached skill level 9 in Armour
 14656 | D:10     | Gained mutation: You have a pair of large antennae on your head (SInv). [demonic ancestry]
 14656 | D:10     | Reached XP level 11. HP: 49/83 MP: 14/14
 15094 | D:10     | Noticed an unseen horror
 15117 | D:10     | Killed an unseen horror
 15457 | D:10     | Gained mutation: You are dopey. (Int -2) [mutagenic meat]
 15458 | D:10     | Gained mutation: Your spells are a little easier to cast, but a little less powerful. [mutagenic meat]
 15459 | D:10     | Gained mutation: You are resistant to hostile enchantments. [mutagenic meat]
 15460 | D:10     | Gained mutation: Your muscles are strong. (Str +2) [mutagenic meat]
 15461 | D:10     | Gained mutation: You are frail (-10% HP). [mutagenic meat]
 15541 | D:11     | Found a staircase to the Orcish Mines.
 15589 | D:11     | Noticed a hill giant
 15595 | D:11     | Killed a hill giant
 15626 | D:11     | Noticed a hill giant
 15630 | D:11     | Killed a hill giant
 16177 | D:11     | Reached skill level 5 in Shields
 16315 | D:11     | Learned a level 1 spell: Summon Small Mammal
 16666 | D:12     | Corrupted D:12
 16670 | D:12     | Noticed an unseen horror
 16680 | D:12     | Noticed a tengu warrior
 16698 | D:12     | Killed a tengu warrior
 17709 | D:12     | Gained mutation: Your muscles are very strong. (Str +4) [mutagenic meat]
 17710 | D:12     | Lost mutation: You are frail (-10% HP). [mutagenic meat]
 17712 | D:12     | Gained mutation: Your body sometimes deteriorates upon taking damage. [mutagenic meat]
 17747 | D:12     | Noticed a centaur warrior
 17753 | D:12     | Killed a centaur warrior
 17774 | D:12     | Noticed a hill giant
 17779 | D:12     | Killed a hill giant
 17955 | D:12     | Noticed a hill giant
 17962 | D:12     | Killed a hill giant
 18054 | D:13     | Noticed a deep elf mage
 18071 | D:13     | Corrupted D:13
 18071 | D:13     | Noticed a tentacled starspawn
 18071 | D:13     | Noticed a tentacled starspawn
 18071 | D:13     | Noticed a thrashing horror
 18071 | D:13     | Noticed a large abomination
 18071 | D:13     | Noticed a tentacled starspawn
 18071 | D:13     | Noticed a black draconian
 18071 | D:13     | Noticed a tentacled starspawn
 18072 | D:13     | Noticed a rakshasa
 18073 | D:13     | Noticed an unseen horror
 18322 | D:13     | Noticed a tentacled starspawn
 18322 | D:13     | Noticed a large abomination
 18322 | D:13     | Reached XP level 12. HP: 54/92 MP: 16/16
 18454 | D:12     | Gained mutation: Your spells are easier to cast, but less powerful. [mutagenic meat]
 18455 | D:12     | Gained mutation: You possess an exceptional clarity of mind. [mutagenic meat]
 18456 | D:12     | Gained mutation: You are robust (+10% HP). [mutagenic meat]
 18457 | D:12     | Lost mutation: You possess an exceptional clarity of mind. [mutagenic meat]
 18665 | D:13     | Noticed a centaur warrior
 18671 | D:13     | Killed a centaur warrior
 18715 | D:13     | Noticed an eight-headed hydra
 19060 | D:13     | Killed an eight-headed hydra
 19457 | Lair:1   | Entered Level 1 of the Lair of Beasts
 19731 | Lair:1   | Reached skill level 10 in Armour
 20392 | Lair:1   | Noticed Fannar
 20407 | Lair:1   | Killed Fannar
 20545 | Lair:1   | Corrupted Lair:1
 20545 | Lair:1   | Noticed a tentacled starspawn
 20663 | Lair:1   | Noticed a fire dragon
 20676 | Lair:1   | Killed a fire dragon
 21435 | Lair:2   | Noticed an eight-headed hydra
 21443 | Lair:2   | Killed an eight-headed hydra
 22954 | Lair:3   | Found a staircase to the Shoals.
 23071 | Lair:3   | Reached XP level 13. HP: 108/108 MP: 18/18
 24786 | Lair:5   | Noticed Kirke
 25785 | D:14     | Noticed Nessos
 25795 | D:14     | Killed Nessos
 26159 | D:14     | Noticed a vault guard
 26191 | D:14     | Killed a vault guard
 26198 | D:14     | Noticed a vault guard
 26211 | D:14     | Killed a vault guard
 26298 | D:14     | Found a gate to the Vaults.
 26330 | D:14     | Reached skill level 10 in Throwing
 26351 | D:14     | Noticed a vault guard
 26373 | D:14     | Killed a vault guard
 26626 | D:14     | Noticed Frances
 26696 | D:14     | Slain by a red devil

Vault maps used:
D:1:      saegor_arrival_simple_c
D:2:      lemuel_doored_altar, marbit_many_paths, wad_orctagon
D:3:      okawaru_ov_weapons_minmay, lemuel_crystal_altar, nemelex_altar_shiori
D:4:      fedhas_altar_3, gammafunk_temple_overflow_elements,
          minmay_temple_entry_enclosed_plants, first_bread, serial_glass,
          glass_columns_c, glass_columns_a, serial_shops,
          nicolae_shop_overgrown_old_shop
D:5:      gup_sewer_entry_bowl, minivault_19, st_stairs_7, corner_web_ring,
          minmay_ogre_servants
D:6:      kennysheep_mini_moat, serial_shops, shop_statue,
          minmay_misc_feat_alley, item_on_display_a, uniq_menkaure,
          uniq_blork_the_orc, uniq_sigmund, uniq_duvessa, uniq_pikel
D:7:      yredelemnul_altar_generic, minitemple
D:8:      enter_bailey_3, uniq_erica
D:9:      lair_0_dummy, hangedman_tell_no_tales, hangedman_abyss_or_decor_stabs
D:10:     uniq_sonja
D:11:     orc_0_dummy
D:12:     kennysheep_seaside_town, stair_cage_cross
D:14:     minmay_outward_triangles, lightli_vaults_fourway_checkpoint,
          minmay_misc_feat_cross, billiards_dpeg, uniq_frances, uniq_nessos
Lair:1:   dragon1_lemuel, bh_autumn_forest_stairs, lemuel_fruit_fields,
          uniq_fannar
Lair:2:   grunt_megastairs_2
Lair:3:   elwin_shoals_entry_rocks
Lair:4:   lemuel_fruit_tree
Lair:5:   uniq_kirke, uniq_snorg
Bailey:   bailey_axe_1, bailey

Action                   |  1- 3 |  4- 6 |  7- 9 | 10-12 | 13-15 || total
-------------------------+-------+-------+-------+-------+-------++-------
Melee: Mace              |    65 |       |       |       |       ||    65
       Hand axe          |    70 |   122 |   411 |   784 |   234 ||  1621
 Fire: Blowgun           |       |       |       |     1 |       ||     1
Throw: Tomahawk          |       |       |   153 |   337 |    90 ||   580
 Cast: Summon Small Mamm |       |       |       |     1 |       ||     1
Invok: Bend Space        |       |     4 |     3 |     5 |       ||    12
       Banish            |       |       |     7 |     4 |     3 ||    14
       Corrupt           |       |       |       |     3 |       ||     3
Evoke: Wand              |       |       |       |     1 |       ||     1
  Use: Potion            |     2 |       |     4 |       |       ||     6
       Scroll            |       |       |    15 |     4 |     4 ||    23
 Stab: Distracted        |       |     1 |     2 |     1 |     1 ||     5
  Eat: Chunk             |     3 |     7 |    12 |    37 |     9 ||    68
       Beef jerky        |       |     1 |       |     1 |       ||     2
       Bread ration      |       |       |     3 |     3 |       ||     6
       Royal jelly       |       |       |     1 |     4 |     1 ||     6
       Fruit             |       |       |     1 |     3 |     2 ||     6
       Pizza             |       |       |       |     1 |       ||     1
